 Dungeon Crawl Stone Soup version 0.31-a0-200-gbc41564c69 (webtiles) character file.

Game seed: 9885995711356023477

204 qw the Skirmisher (level 5, -1/29 HPs)
             Began as a Deep Elf Hunter on June 25, 2023.
             Slain by an adder (4 damage)
             ... on level 4 of the Dungeon.
             The game lasted 00:00:57 (2318 turns).

qw the Skirmisher (Deep Elf Hunter)                 Turns: 2318, Time: 00:00:58

Health: -1/29      AC:  5    Str: 10    XL:     5   Next: 52%
Magic:  7/7        EV: 11    Int: 14    God:
Gold:   11         SH:  0    Dex: 18    Spells: 4/4 levels left

rFire   . . .        Y - +1 shortbow
rCold   . . .        (shield currently unavailable)
rNeg    + . .        f - +0 ring mail
rPois   .            (no helmet)
rElec   .            (no cloak)
rCorr   .            (no gloves)
SInv    .            (no boots)
Will    .....        (no amulet)
Stlth   +            b - ring of positive energy
HPRegen 0.24/turn    (no ring)
MPRegen 0.10/turn

%: no passive effects
@: no status effects
A: no striking features
a: no special abilities


You were on level 4 of the Dungeon.
You visited 1 branch of the dungeon, and saw 4 of its levels.

You collected 208 gold pieces.
You spent 197 gold pieces at shops.


   Skills:
 + Level 1.6 Fighting
 - Level 9.0 Ranged Weapons
 - Level 2.4 Dodging
 - Level 1.2 Stealth


You had 4 spell levels left.
You didn't know any spells.
Your spell library was empty.

Inventory:

Hand Weapons
 Y - a +1 shortbow (weapon)
Armour
 d - a +0 helmet
 e - a +0 leather armour of fire resistance
 f - a +0 ring mail (worn)
 g - a +0 pair of boots
Jewellery
 b - a ring of positive energy (left hand)
Scrolls
 a - a scroll of identify
Potions
 c - a potion of curing {unknown}

Dungeon Overview and Level Annotations

Branches:
Dungeon (4/15)
 Temple: D:4-7

Altars:

Shops:
D:1 !   D:3 [   D:4 [[


Message History

The dart slug bites you.
You shoot an arrow. The arrow hits the howler monkey.
The howler monkey is lightly wounded.
The orc completely misses you. The howler monkey barely misses you.
The orc hits you with a +0 dagger.
You shoot an arrow. The arrow hits the howler monkey.
The howler monkey is moderately wounded.
The howler monkey hoots and howls with incredible vigour!
The dart slug barely misses you. The orc closely misses you.
The howler monkey closely misses you.
You hear an angry hiss. x3; You hear a shout!
You shoot an arrow.
The arrow closely misses the howler monkey.
The dart slug bites you. The howler monkey hits you. The orc barely misses you.
You shoot an arrow. The arrow hits the howler monkey!
The howler monkey is severely wounded.
The howler monkey hits you but does no damage.
The orc hits you with a +0 dagger. The dart slug launches a dart at you.
The slug dart hits you but does no damage.
You shoot an arrow. The arrow hits the howler monkey!
You kill the howler monkey!
The orc hits you with a +0 dagger. The dart slug barely misses you.
The adder bites you but does no damage.
Your Ranged Weapons skill increases to level 9!
You shoot an arrow. The arrow hits the dart slug!
The dart slug is severely wounded.
The orc hits you with a +0 dagger. The adder bites you.
The dart slug bites you but does no damage.
You shoot an arrow. The arrow hits the dart slug.
You kill the dart slug!
The adder misses you. The orc barely misses you.
The adder bites you but does no damage.
You shoot an arrow. The arrow hits the adder.
The adder is lightly wounded.
The orc hits you with a +0 dagger. The adder bites you.
The orc hits you with a +0 dagger.
You shoot an arrow. The arrow barely misses the adder.
The adder misses you. The adder bites you.
You die...

.. .. ...# ### #.
#..# ... ##.. #..#
...##..# ...#..#
#....# ### #So%#
####.. #.@.# #....#
#...# ######'##
#>...######..#~~.¤~
##...........#~8.8~
#..##..#.##.'..\..
#.....##..###~8.8¤
#...#####.\.#~~.~¤
#...# #######+##
#...# ##<.#.


You could see an adder and an orc.

Vanquished Creatures
  2 howler monkeys (D:4)
  An orc wizard (D:4)
  3 adders
  2 worms (D:3)
  2 dart slugs
  4 orcs
  4 ball pythons
  6 endoplasms
  2 giant cockroaches (D:1)
  6 hobgoblins
  5 quokkas
  3 bats (D:1)
  3 frilled lizards
  5 goblins
  7 kobolds
  6 rats
61 creatures vanquished.

Notes
Turn   | Place    | Note
-------+----------+-------------------------------------------
     0 | D:1      | qw the Deep Elf Hunter began the quest for the Orb.
     0 | D:1      | Reached XP level 1. HP: 12/12 MP: 3/3
     0 | D:1      | 0 ||| qw: Version: 0.3-a-22-g0ed2b0b
     0 | D:1      | 0 ||| qw: Game counter: 5590
     0 | D:1      | 0 ||| qw: Melee chars always use a shield: true
     0 | D:1      | 0 ||| qw: God list: Okawaru
     0 | D:1      | 0 ||| qw: Allow faded altars: false
     0 | D:1      | 0 ||| qw: Do Orc after clearing Dungeon:15 true
     0 | D:1      | 0 ||| qw: Do second Lair branch before Depths: true
     0 | D:1      | 0 ||| qw: Lair rune preference: random
     0 | D:1      | 0 ||| qw: Goals: Normal
     0 | D:1      | 0 ||| PLANNING D:1-11
    43 | D:1      | Found Kotuixef's Distillery.
    50 | D:1      | 50 ||| SHOPLISTING 2 potions of curing (66 gold, have 21).
    50 | D:1      | 50 ||| SHOPLISTING 2 potions of haste (220 gold, have 21).
    50 | D:1      | 50 ||| SHOPLISTING potion of enlightenment (55 gold, have
                  | 21).
    50 | D:1      | 50 ||| SHOPLISTING potion of haste (110 gold, have 21).
   172 | D:1      | Reached XP level 2. HP: 16/16 MP: 4/4
   176 | D:1      | Reached skill level 6 in Ranged Weapons
   501 | D:1      | 501 ||| DROPPING scroll of butterflies.
   547 | D:2      | Reached XP level 3. HP: 20/20 MP: 5/5
  1318 | D:2      | Reached skill level 7 in Ranged Weapons
  1318 | D:2      | 1318 ||| FLEEEEING.
  1319 | D:2      | 1319 ||| FLEEEEING.
  1320 | D:2      | 1320 ||| FLEEEEING.
  1321 | D:2      | 1321 ||| FLEEEEING.
  1322 | D:2      | 1322 ||| FLEEEEING.
  1323 | D:2      | 1323 ||| FLEEEEING.
  1324 | D:2      | 1324 ||| FLEEEEING.
  1325 | D:2      | 1325 ||| FLEEEEING.
  1326 | D:2      | 1326 ||| FLEEEEING.
  1327 | D:2      | 1327 ||| FLEEEEING.
  1328 | D:2      | 1328 ||| FLEEEEING.
  1329 | D:2      | 1329 ||| FLEEEEING.
  1330 | D:2      | 1330 ||| STAIRDANCE
  1337 | D:1      | 1337 ||| UPGRADING to +0 scale mail.
  1347 | D:1      | 1347 ||| DROPPING +0 leather armour.
  1348 | D:1      | 1348 ||| UPGRADING to +0 ring mail.
  1358 | D:1      | 1358 ||| DROPPING +0 scale mail.
  1359 | D:1      | 1359 ||| UPGRADING to ring of positive energy.
  1360 | D:1      | 1360 ||| READING 4 scrolls labelled COFUGRIULI.
  1361 | D:1      | 1361 ||| READING 2 scrolls labelled POPEHE JIFOTSE.
  1364 | D:1      | 1364 ||| READING scroll labelled NIDAAR JAZUKK.
  1365 | D:1      | 1365 ||| READING 3 scrolls of identify.
  1365 | D:1      | 1365 ||| IDENTIFYING smoky pink potion
  1366 | D:1      | 1366 ||| READING 2 scrolls of identify.
  1366 | D:1      | 1366 ||| IDENTIFYING murky silvery potion
  1367 | D:1      | 1367 ||| DROPPING potion of attraction.
  1397 | D:2      | 1397 ||| STAIRDANCE
  1425 | D:2      | 1425 ||| FLEEEEING.
  1431 | D:2      | 1431 ||| FLEEEEING.
  1432 | D:2      | 1432 ||| FLEEEEING.
  1433 | D:2      | 1433 ||| FLEEEEING.
  1434 | D:2      | 1434 ||| FLEEEEING.
  1435 | D:2      | 1435 ||| FLEEEEING.
  1436 | D:2      | 1436 ||| FLEEEEING.
  1437 | D:2      | 1437 ||| STAIRDANCE
  1710 | D:3      | Reached XP level 4. HP: 25/25 MP: 6/6
  1842 | D:3      | Found Vailoafeoky's Antique Armour Shoppe.
  2079 | D:3      | 2079 ||| READING scroll labelled QAEMAY EXTUMY.
  2080 | D:3      | 2080 ||| READING scroll labelled ITIFEK AROFAB.
  2081 | D:3      | 2081 ||| READING scroll labelled LUYJIQ BANUACO.
  2082 | D:3      | 2082 ||| READING scroll labelled XIVUSU SIENG.
  2214 | D:4      | Found Hebbur's Antique Armour Shoppe.
  2225 | D:4      | Found Dunocikio's Armour Shop.
  2230 | D:4      | 2230 ||| BUYING +0 helmet (49 gold).
  2230 | D:4      | Bought a +0 helmet for 49 gold pieces
  2230 | D:4      | 2230 ||| BUYING +0 leather armour of fire resistance (99
                  | gold).
  2230 | D:4      | Bought a +0 leather armour of fire resistance for 99 gold
                  | pieces
  2230 | D:4      | 2230 ||| BUYING +0 pair of boots (49 gold).
  2230 | D:4      | Bought a +0 pair of boots for 49 gold pieces
  2230 | D:4      | 2230 ||| SHOPLISTING +2 leather armour of poison resistance
                  | (176 gold, have 11).
  2230 | D:4      | 2230 ||| SHOPLISTING +2 ring mail of fire resistance (231
                  | gold, have 11).
  2268 | D:4      | Reached skill level 8 in Ranged Weapons
  2270 | D:4      | 2270 ||| FLEEEEING.
  2271 | D:4      | 2271 ||| FLEEEEING.
  2272 | D:4      | 2272 ||| FLEEEEING.
  2272 | D:4      | HP: 4/25 [something/magic dart (8)]
  2273 | D:4      | 2273 ||| FLEEEEING.
  2274 | D:4      | 2274 ||| DRINKING 2 potions of heal wounds.
  2280 | D:4      | 2280 ||| FLEEEEING.
  2281 | D:4      | 2281 ||| FLEEEEING.
  2282 | D:4      | 2282 ||| FLEEEEING.
  2283 | D:4      | 2283 ||| FLEEEEING.
  2288 | D:4      | Reached XP level 5. HP: 17/29 MP: 7/7
  2291 | D:4      | HP: 7/29 [orc/+0 whip (3)]
  2292 | D:4      | 2292 ||| READING scroll of teleportation.
  2292 | D:4      | HP: 3/29 [orc/+0 whip (3)]
  2293 | D:4      | 2293 ||| DRINKING potion of heal wounds.
  2315 | D:4      | Reached skill level 9 in Ranged Weapons
  2315 | D:4      | HP: 6/29 [adder (2)]
  2318 | D:4      | Slain by an adder

Levels and vault maps discovered:
D:1:      amcnicky_arrival_wind_blow, layout_basic, serial_shops,
          nicolae_shop_industrial_runoff
D:2:      layout_basic
D:3:      layout_basic, serial_shops, shop_fountains
D:4:      layout_rooms, kennysheep_slug_shrine, nemelex_diamond_rough_becter,
          serial_shops, kennysheep_little_box, shop, minivault_26,
          minmay_bisected

Skill      XL: |  1  2  3  4  5 |
---------------+----------------+-----
Ranged Weapons | 6 7 8 9 |  9.0
Fighting       | |  1.6
Dodging        | |  2.4
Stealth        | |  1.2

Action                     |  1- 3 |  4- 6 || total
---------------------------+-------+-------++-------
   Fire: Shortbow          |   113 |    71 ||   184
    Use: Scroll            |     5 |     5 ||    10
         Potion            |       |     2 ||     2
 Armour: Leather armour    |     6 |       ||     6
         Ring mail         |     3 |    28 ||    31
  Dodge: Dodged            |    25 |    35 ||    60

Table legend:
 A = Non-vault XP
 B = Vault XP
 C = Vault XP percentage of total XP
 D = Non-vault monster count
 E = Vault monster count
 F = Vault count percentage of total count
                 A         B        C        D         E       F
            +---------+---------+-------+---------+---------+-------
      Total |     285 |       7 |   2.4 |      59 |       2 |   3.3
            +---------+---------+-------+---------+---------+-------
        D:1 |      41 |       0 |   0.0 |      26 |       0 |   0.0
        D:2 |      26 |       0 |   0.0 |       9 |       0 |   0.0
        D:3 |      57 |       0 |   0.0 |      19 |       0 |   0.0
        D:4 |     161 |       7 |   4.2 |       5 |       2 |  28.6
            +---------+---------+-------+---------+---------+-------
